 Dungeon Crawl Stone Soup version 0.28-a0-751-gef3a642a4e (webtiles) character file.

Game seed: 18230469429605851803

16 Anon1729 the Caller (level 2, 0/20 HPs)
             Began as a Palentonga Summoner on Oct 30, 2021.
             Slain by a kobold (5 damage)
             ... on level 1 of the Dungeon.
             The game lasted 00:01:39 (816 turns).

Anon1729 the Caller (Palentonga Summoner)            Turns: 816, Time: 00:01:39

Health: 0/20       AC:  4    Str: 11    XL:     2   Next: 37%
Magic:  0/5        EV: 10    Int: 15    God:
Gold:   6          SH:  0    Dex: 10    Spells: 4/5 levels left

rFire   . . .      SeeInvis +   b - +0 dagger
rCold   . . .      Faith    .   (no shield)
rNeg    . . .      Spirit   .   a - +0 robe
rPois   .          Reflect  .   (no helmet)
rElec   .          Harm     .   (no cloak)
rCorr   .          Rampage  .   (no gloves)
Will    .....                   (no barding)
Stlth   ++........              (no amulet)
HPRegen 0.06/turn               (no ring)
MPRegen 0.09/turn               (no ring)

@: no status effects
A: large, rugged brown scales 3, see invisible, deformed body, roll 1, armoured
tail
a: Rolling Charge


You were on level 1 of the Dungeon.
You visited 1 branch of the dungeon, and saw 1 of its levels.

You collected 6 gold pieces.

Inventory:

Hand Weapons
 b - a +0 dagger (weapon)
Armour
 a - a +0 robe (worn)
Potions
 c - a potion of curing {unknown}


   Skills:
 + Level 1.8 Dodging
 + Level 1.5 Stealth
 + Level 2.2 Spellcasting
 + Level 3.4 Summonings


You had 4 spell levels left.
You knew the following spells:

 Your Spells              Type           Power      Damage    Failure   Level
a - Summon Small Mammal   Summ           44%        N/A       5%          1

Your spell library contained the following spells:

 Spells                   Type           Power      Damage    Failure   Level
 Call Imp                 Summ           11%        N/A       9%          2
 Call Canine Familiar     Summ           11%        N/A       16%         3
 Summon Guardian Golem    Hex/Summ       6%         N/A       32%         3
 Summon Lightning Spire   Summ/Air       6%         N/A       71%         4


Dungeon Overview and Level Annotations

Branches:
Dungeon (1/15)

Altars:


Innate Abilities, Weirdness & Mutations

You are completely covered in rugged brown scales. (AC +3, +7% HP)
You have supernaturally acute eyesight. (SInv)
Armour fits poorly on your strangely shaped body.
You can roll at nearby foes to attack.
You have a long armoured tail.


Message History

The kobold hits you but does no damage.
Casting: Summon Small Mammal (safe; 5% risk of failure)
Confirm with . or Enter, or press ? or * to list all spells.
The kobold hits you with a +0 whip.
* * * LOW HITPOINT WARNING * * *
You swap places.
The kobold hits your rat but does no damage.
Your rat bites the kobold.
The kobold hits your rat with a +0 whip.
Your rat dies!
Your rat's corpse disappears in a puff of smoke!
There is a fountain of clear blue water here.
The kobold throws a stone.
The stone barely misses you.
Casting: Summon Small Mammal (safe; 5% risk of failure)
Confirm with . or Enter, or press ? or * to list all spells.
You miscast Summon Small Mammal.
You are very lightly contaminated with residual magic.
Nothing appears to happen.
The kobold throws a stone.
The stone hits you but does no damage.
The kobold throws a stone.
The stone hits you but does no damage.
You start resting.
A kobold is nearby!
You start resting.
Your magical contamination has completely faded away.
You start resting.
A kobold is nearby!
Casting: Summon Small Mammal (safe; 5% risk of failure)
Confirm with . or Enter, or press ? or * to list all spells.
You swap places.
Your bat hits the kobold.
The kobold throws a stone.
The stone hits you but does no damage.
Your bat barely misses the kobold.
Your bat hits the kobold but does no damage.
The kobold hits you but does no damage.
You are too injured to fight recklessly!
You closely miss the kobold.
The kobold is moderately wounded.
Your bat hits the kobold but does no damage.
The kobold hits you with a +0 whip.
You die...

...###............ #..#
#...........####.####..#
#.####.##..#⌠...⌠...⌠#.#
#.# #.###.#..##.##..#.#
#.# #.# #.#.#.#.#.#.#.#
#.# #.# #.#.##...##.#.#
#.# #.# #..⌠...⌠...⌠..#
#.# #.# #.#.##.bK##.#K#
#.# #.# #.#.#.#@#.#.#.#
..# #.#..##.##K.#g# ###
###⌠...⌠...⌠#.#
#.####.####..# #. #.#
#### #. ..# ## ####


You could see a kobold (ally target) and a friendly bat (summoned).

Vanquished Creatures
  A dart slug (D:1)
  A bat (D:1)
  2 hobgoblins (D:1)
  2 ball pythons (D:1)
  A goblin (D:1)
  3 rats (D:1)
10 creatures vanquished.

Vanquished Creatures (collateral kills)
  2 endoplasms (D:1)
  A goblin (D:1)
3 creatures vanquished.

Vanquished Creatures (others)
  A ball python (D:1)
1 creature vanquished.

Grand Total: 14 creatures vanquished

Notes
Turn   | Place    | Note
-------+----------+-------------------------------------------
     0 | D:1      | Anon1729 the Palentonga Summoner began the quest for the
                  | Orb.
     0 | D:1      | Reached XP level 1. HP: 13/13 MP: 3/3
   284 | D:1      | Reached XP level 2. HP: 11/20 MP: 1/5
   816 | D:1      | Slain by a kobold

Illustrated notes

Levels and vault maps discovered:
D:1:      minmay_arrival_pointy, layout_basic, roderic_three_in_a_row

Action                   || total
-------------------------++-------
Melee: Unarmed           ||    10
       Dagger            ||    27
       Tailslap          ||     5
 Cast: Summon Small Mamm ||    16
 Stab: Sleeping          ||     1
Armor: Robe              ||    25
Dodge: Dodged            ||    28

Table legend: (Time is in decaauts)
 A = Elapsed time spent in this place.
 B = Non-inter-level travel time spent in this place.
 C = Inter-level travel time spent in this place.
 D = Time resting spent in this place.
 E = Time spent auto-exploring this place.
 F = Levels seen in this place.
 G = Mean time per level.
                   A        B        C        D        E       F      G
               +--------+--------+--------+--------+--------+-----+--------+
         Total |    815 |    815 |      0 |    216 |    435 |   1 |  815.0 |
       Dungeon |    815 |    815 |      0 |    216 |    435 |   1 |  815.0 |
               +--------+--------+--------+--------+--------+-----+--------+

Top non-repeatable levels by time:
     D:1: 815 daAuts
